 Dungeon Crawl Stone Soup version 0.15.0-29-ga8e3430 (webtiles) character file.

212 Malachi the Skirmisher (level 5, -2/42 HPs)
             Began as a Demonspawn Berserker on Sept 12, 2014.
             Was a Believer of Trog.
             Slain by a scorpion (4 damage)
             ... on Level 3 of the Dungeon.
             The game lasted 00:04:19 (1781 turns).

Malachi the Skirmisher (Demonspawn Berserker)       Turns: 1781, Time: 00:04:21

HP  -2/42        AC  9     Str 26      XL: 5   Next: 58%
MP   4/4         EV  9     Int  8      God: Trog [**....]
Gold 56          SH  0     Dex 12      Spells:  0 memorised,  4 levels left

rFire  . . .     SeeInvis .     a - +0 spear
rCold  . . .     Clarity  .     j - +0 scale mail (curse)
rNeg   + . .     rCorr    .     (no shield)
rPois  .         rRot     .     (helmet restricted)
rElec  .         Spirit   .     (no cloak)
SustAb .         Warding  .     (no gloves)
rMut   .         Stasis   .     f - +2 pair of boots
Gourm  .                        (no amulet)
MR     .....                    (no ring)
                                b - ring of positive energy

@: mighty, lethally poisoned, not resistant to hostile enchantments, extremely
unstealthy
A: antennae 1, low mp 1, powered by death 1, strong 1, wild magic 1
a: Burn Spellbooks, Berserk, Trog's Hand, Renounce Religion


You were on level 3 of the Dungeon.
You worshipped Trog.
Trog was pleased with you.
You were not hungry.

You visited 1 branch of the dungeon, and saw 3 of its levels.

You collected 56 gold pieces.

Inventory:

Hand weapons
 a - a +0 spear (weapon)
Armour
 f - a +2 pair of boots (worn)
 j - a cursed +0 scale mail (worn)
Magical devices
 e - a wand of magic darts (14) {unknown}
Comestibles
 c - 2 bread rations
 h - a meat ration
 i - 7 fruits
 n - a royal jelly
Scrolls
 d - a scroll of recharging {unknown}
 g - 3 scrolls of identify {unknown}
 k - a scroll of immolation {unknown}
 m - a scroll of random uselessness {unknown}
 p - 2 scrolls of remove curse {unknown}
 q - a scroll of noise {unknown}
 s - 3 scrolls of magic mapping {unknown}
Jewellery
 b - a ring of positive energy (left hand)
Potions
 r - a potion of restore abilities


   Skills:
 + Level 4.3 Fighting
 + Level 3.5 Polearms
 + Level 2.1 Armour
 + Level 3.3 Dodging
 + Level 1.3 Stealth


You had 4 spell levels left.
You didn't know any spells.

Dungeon Overview and Level Annotations

Branches:
Dungeon (3/15)

Altars:
Fedhas
Vehumet
Zin


Innate Abilities, Weirdness & Mutations

You have a pair of small antennae on your head.
You can steal the life force of nearby defeated enemies.
Your magical capacity is low (-10% MP).
Your muscles are strong. (Str +2)
Your spells are a little harder to cast, but a little more powerful.


Message History

You barely miss the scorpion.
The scorpion is almost dead.
* * * LOW HITPOINT WARNING * * *
You feel sick. The scorpion closely misses you.
Drink which item? (? for menu, Esc to quit)
You feel very mighty all of a sudden.
It was a potion of might.
* * * LOW HITPOINT WARNING * * *
You feel sick. The scorpion stings you.
* * * LOW HITPOINT WARNING * * *
You are more poisoned.
The scorpion poisons you!
Drink which item? (? for menu, Esc to quit)
You feel extremely strange.
You feel less energetic.
You feel stronger.
You feel less in control of your magic.
It was a potion of mutation.
* * * LOW HITPOINT WARNING * * *
You feel sick. The scorpion stings you.
You die...

##########
######........##########
#......@#####.#.........
#.......s# #.#.########
........# #.#.#......[
.#....... #.#.#.######
...#.#.## #.#.#.# . ....
#.#.#)#### .. #.
#.#.#....# . ##
#.#.####.# #.#.#.####.#


You could see a scorpion.

Vanquished Creatures
  Sigmund (D:2)
  A giant frog (D:3)
  4 adders (D:2)
  A worm (D:3)
  A giant gecko (D:2)
  7 bats
  6 hobgoblins
  6 kobolds
  A quokka (D:2)
  2 giant cockroaches
  2 giant newts
  3 goblins
  6 rats
41 creatures vanquished.

Notes
Turn   | Place    | Note
--------------------------------------------------------------
     0 | D:1      | Malachi, the Demonspawn Berserker, began the quest for the Orb.
     0 | D:1      | Reached XP level 1. HP: 18/18 MP: 1/1
   437 | D:1      | Gained mutation: You can steal the life force of nearby defeated enemies. [demonic ancestry]
   437 | D:1      | Reached XP level 2. HP: 24/24 MP: 2/2
   546 | D:1      | Acquired Trog's second power
   855 | D:2      | Found a blossoming altar of Fedhas.
   867 | D:2      | Reached XP level 3. HP: 19/29 MP: 3/3
   870 | D:2      | Found a radiant altar of Vehumet.
   875 | D:2      | Found a glowing silver altar of Zin.
  1172 | D:2      | Noticed Sigmund
  1191 | D:2      | Killed Sigmund
  1191 | D:2      | Reached skill level 4 in Fighting
  1191 | D:2      | Gained mutation: You have a pair of small antennae on your head. [demonic ancestry]
  1191 | D:2      | Reached XP level 4. HP: 30/37 MP: 4/4
  1369 | D:3      | Noticed a giant frog
  1382 | D:3      | Killed a giant frog
  1382 | D:3      | Reached skill level 1 in Stealth
  1382 | D:3      | Reached XP level 5. HP: 24/42 MP: 5/5
  1781 | D:3      | Gained mutation: Your magical capacity is low (-10% MP). [potion of mutation]
  1781 | D:3      | Gained mutation: Your muscles are strong. (Str +2) [potion of mutation]
  1781 | D:3      | Gained mutation: Your spells are a little harder to cast, but a little more powerful. [potion of mutation]
  1781 | D:3      | HP: 2/42 [poisoned by a scorpion]
  1781 | D:3      | Slain by a scorpion

Action                   |  1- 3 |  4- 6 || total
-------------------------+-------+-------++-------
Melee: Spear             |   147 |    99 ||   246
Invok: Berserk           |     1 |       ||     1
  Use: Potion            |     5 |     2 ||     7
  Eat: Bread ration      |     1 |       ||     1
